[Event "5th Thessaloniki SKG Open-B 2024"]
[Site "Thessaloniki"]
[Date "2024.08.13"]
[Round "9.5"]
[White "Misios, Konstantinos"]
[Black "Nakitsas, Stergios"]
[Result "0-1"]
[ECO "C05"]
[WhiteElo "1682"]
[BlackElo "1759"]
[Annotator "NA RC"]
[PlyCount "72"]
[EventDate "2024.08.05"]
[EventType "swiss"]
[EventCountry "GRE"]
[SourceTitle "playchess.com"]
[Source "ChessBase"]
[SourceQuality "1"]
[TimeControl "40/5400+30:1800+30"]

1. e4 e6 2. d4 d5 3. Nd2 Nf6 4. e5 Nfd7 5. c3 c5 6. f4 Nc6 7. Ndf3 Qb6 8. a3 a5 9. b3 f6 10. h4 Be7 11. Nh3 O-O 12. Bd3 Qd8 13. Qc2 f5 14. g3 cxd4 15. cxd4 Nb6 16. Be3 Bd7 17. Bf2 Rc8 18. Qb1 a4 19. g4 Na5 20. gxf5 Nxb3 21. Ke2 exf5 22. Ra2 Qe8 23. Nhg5 Bxg5 24. hxg5 Bb5 25. Be3 Rc3 26. Bxb5 Qxb5+ 27. Kf2 Nc4 28. Bc1 Rxf3+ 29. Kg2 Ne3+ 30. Bxe3 Rxe3 31. Rxh7 Re2+ 32. Kg3 Kxh7 33. Qh1+ Kg6 34. Rxe2 Qxe2 35. Qxd5 Qe3+ 36. Kg2 Qe4+ 0-1

[Event "5th Thessaloniki SKG Open-B 2024"]
[Site "Thessaloniki"]
[Date "2024.08.13"]
[Round "9.6"]
[White "Bulut, Kemal"]
[Black "Gioras, Ioannis"]
[Result "1-0"]
[ECO "B45"]
[WhiteElo "1664"]
[BlackElo "1726"]
[Annotator "NA RC"]
[PlyCount "69"]
[EventDate "2024.08.05"]
[EventType "swiss"]
[EventCountry "GRE"]
[SourceTitle "playchess.com"]
[Source "ChessBase"]
[SourceQuality "1"]
[TimeControl "40/5400+30:1800+30"]

1. e4 c5 2. Nf3 e6 3. d4 cxd4 4. Nxd4 Nf6 5. Nc3 Nc6 6. Ndb5 Bb4 7. a3 Bxc3+ 8. Nxc3 O-O 9. Be2 d5 10. exd5 exd5 11. Bg5 h6 12. Bxf6 Qxf6 13. O-O d4 14. Ne4 Qe7 15. Bd3 Bf5 16. Re1 Bxe4 17. Rxe4 Qf6 18. Qe2 Rad8 19. Re1 a6 20. Qh5 Rd7 21. Qc5 Qd6 22. Qf5 g6 23. Qh3 Kg7 24. Qh4 Qf6 25. Qg4 Rd5 26. f4 Nd8 27. b3 Nc6 28. h3 Qd6 29. Re6 Qc7 30. Rxg6+ fxg6 31. Qxg6+ Kh8 32. Qxh6+ Kg8 33. Bc4 Qh7 34. Bxd5+ Kh8 35. Qxf8+ 1-0

[Event "5th Thessaloniki SKG Open-B 2024"]
[Site "Thessaloniki"]
[Date "2024.08.13"]
[Round "9.7"]
[White "Polyzos, Vasileios"]
[Black "Yilmaz, Cagan Ata"]
[Result "0-1"]
[ECO "C63"]
[WhiteElo "1700"]
[BlackElo "1652"]
[Annotator "NA RC"]
[PlyCount "98"]
[EventDate "2024.08.05"]
[EventType "swiss"]
[EventCountry "GRE"]
[SourceTitle "playchess.com"]
[Source "ChessBase"]
[SourceQuality "1"]
[TimeControl "40/5400+30:1800+30"]

1. e4 e5 2. Nf3 Nc6 3. Bb5 f5 4. d3 fxe4 5. dxe4 Nf6 6. O-O Bc5 7. Nc3 O-O 8. Bg5 d6 9. Nd5 Kh8 10. a3 Ne7 11. b4 Nexd5 12. bxc5 Nc3 13. Qd3 Ncxe4 14. cxd6 cxd6 15. Rad1 Nxg5 16. Nxg5 d5 17. Qg3 Bg4 18. Rde1 e4 19. h3 Bc8 20. Qe5 h6 21. Ne6 Bxe6 22. Qxe6 Qa5 23. Rb1 Qxa3 24. Bd7 b6 25. Bc6 Rad8 26. Ra1 Qd6 27. Qxd6 Rxd6 28. Bb7 Rb8 29. Ba6 b5 30. Rfb1 Kh7 31. Ra5 Rdb6 32. Raxb5 Rxb5 33. Rxb5 Rxb5 34. Bxb5 Kg6 35. c3 Kf5 36. Kf1 Ke5 37. Ke2 d4 38. c4 Ng8 39. f3 Ne7 40. Ba6 e3 41. g3 Kd6 42. Kd3 Kc5 43. f4 Nc6 44. Bb5 a6 45. Ba4 Nb4+ 46. Ke2 Kxc4 47. g4 Nd5 48. Kf3 Kd3 49. Bb3 e2 0-1